 Dungeon Crawl Stone Soup version 0.27-a0-1193-g8631133539 (webtiles) character file.

Game seed: 11471851481518543773

33 EnegeticOcto the Magician (level 3, 22/25 HPs)
             Began as a Djinni Earth Elementalist on May 26, 2021.
             Quit the game on level 3 of the Dungeon.
             The game lasted 00:01:44 (404 turns).

EnegeticOcto the Magician (DjEE)                     Turns: 404, Time: 00:01:44

Health: 22/25      AC:  2    Str:  7    XL:     3   Next: 47%
Gold:   41         EV: 12    Int: 17    God:
                   SH:  0    Dex: 13

rFire    + + .     SeeInvis .   (no weapon)
rCold    x . .     Faith    .   (no shield)
rNeg     . . .     Spirit   .   c - +0 robe
rPois    ∞         Reflect  .   (no helmet)
rElec    .         Harm     .   (no cloak)
rCorr    .         Rampage  .   (no gloves)
Will     .....                  (boots unavailable)
Stlth    ++........             (no amulet)
HPRegen  0.08/turn              (no ring)
MPRegen  0.00/turn              (no ring)

@: flying
A: sickness immunity, fire resistance 2, cold vulnerability 1, float, innate
caster, hp casting, extra vitality 1
a: no special abilities


You were on level 3 of the Dungeon.
You visited 1 branch of the dungeon, and saw 3 of its levels.

You collected 41 gold pieces.

Inventory:

Missiles
 b - 10 stones
Armour
 c - a +0 robe (worn)
Scrolls
 d - a scroll of noise {unknown}
 e - a scroll of magic mapping {unknown}
 f - a scroll of amnesia {unknown}
Potions
 a - a potion of might {unknown}


   Skills:
 - Level 2.1 Dodging
 - Level 1.5 Stealth
 + Level 3.3 Spellcasting


You couldn't memorise any spells.
You knew the following spells:

 Your Spells              Type           Power      Damage    Failure   Level
a - Sandblast             Erth           28%        2d8       4%          1
b - Stone Arrow           Conj/Erth      28%        3d8       13%         3
c - Petrify               Tmut/Erth      14%        N/A       38%         4
d - Lee's Rapid Deconstr  Erth           7%         3d7*      75%         5
e - Beastly Appendage     Tmut           28%        N/A       4%          1
p - Passwall              Tmut/Erth      11%        N/A       6%          2
Your spell library was empty.

Dungeon Overview and Level Annotations

Branches:
Dungeon (3/15)

Altars:


Innate Abilities, Weirdness & Mutations

You are immune to sickness and miasma.
You are immune to poison.
Your flesh is very heat resistant. (rF++)
You are vulnerable to cold. (rC-)
You float through the air rather than walking.
You learn spells naturally, not from books.
Your magical power is your life essence.
You have superior vitality. (+4 HP)


Message History

Aiming: Sandblast (safe; 6% risk of failure)
Press: ? - help, Shift-Dir - straight line, f/p - adder
Aim: an adder (heavily wounded, 66% to hit)
The blast of sand hits the adder!
You kill the adder!
Your Spellcasting skill increases to level 3!
Casting: Sandblast (safe; 4% risk of failure)
Confirm with . or Enter, or press ? or * to list all spells.
Aiming: Sandblast (safe; 4% risk of failure)
Press: ? - help, Shift-Dir - straight line, f - ball python
Aim: a ball python (77% to hit)
You miscast Sandblast.
You are very lightly contaminated with residual magic.
Nothing appears to happen.
The ball python bites you. The ball python misses you.
Casting: Sandblast (safe; 4% risk of failure)
Confirm with . or Enter, or press ? or * to list all spells.
Aiming: Sandblast (safe; 4% risk of failure)
Press: ? - help, Shift-Dir - straight line, f/p - ball python
Aim: a ball python (77% to hit)
The blast of sand hits the ball python!
You kill the ball python!
You see here a ball python corpse.
Your magical contamination has completely faded away.
Found 9 gold pieces.
Found 6 gold pieces.
Found a stone staircase leading up.
You now have 23 gold pieces (gained 9).
You now have 29 gold pieces (gained 6).
There is a stone staircase leading up here.
You fly upwards.
Found a whip and 24 arrows.
There is a stone staircase leading down here.
Found 12 gold pieces.
Found an escape hatch in the ceiling.
You now have 41 gold pieces (gained 12).
You reach down and open the door.
There is an open door here.
You reach down and open the door.
There is an open door here.
A rat comes into view.
Casting: Sandblast (safe; 4% risk of failure)
Confirm with . or Enter, or press ? or * to list all spells.
Aiming: Sandblast (safe; 4% risk of failure)
Press: ? - help, Shift-Dir - straight line, f - rat
Aim: a rat (79% to hit)
The blast of sand hits the rat!
You kill the rat!
You have reached level 3!
Your experience leads to an increase in your attributes!
Increase (s)trength, (i)ntelligence, or (d)exterity?
You feel clever.
The power to cast Beastly Appendage wells up from within.
Spell assigned to 'e'.
(D) Dungeon
Where to? (Enter - D:3, ? - help)
You see here a +0 whip.
There is a stone staircase leading down here.
You fly downwards.
There is a stone staircase leading up here.
An adder comes into view.
Casting: Sandblast (safe; 4% risk of failure)
Confirm with . or Enter, or press ? or * to list all spells.
Aiming: Sandblast (safe; 4% risk of failure)
Press: ? - help, Shift-Dir - straight line, f - adder
Aim: an adder (asleep, 100% to hit)
The blast of sand hits the adder!
You kill the adder!
You see here an adder corpse.
A worm comes into view.
A worm is nearby!
Casting: Sandblast (safe; 4% risk of failure)
Confirm with . or Enter, or press ? or * to list all spells.
Aiming: Sandblast (safe; 4% risk of failure)
Press: ? - help, Shift-Dir - straight line, f - worm
Aim: a worm (93% to hit)
The blast of sand hits the worm.
The worm is lightly wounded.
Casting: Sandblast (safe; 4% risk of failure)
Confirm with . or Enter, or press ? or * to list all spells.
Aiming: Sandblast (safe; 4% risk of failure)
Press: ? - help, Shift-Dir - straight line, f/p - worm
Aim: a worm (lightly wounded, 93% to hit)
The blast of sand hits the worm!
The worm is heavily wounded.
Casting: Sandblast (safe; 4% risk of failure)
Confirm with . or Enter, or press ? or * to list all spells.
Aiming: Sandblast (safe; 4% risk of failure)
Press: ? - help, Shift-Dir - straight line, f/p - worm
Aim: a worm (heavily wounded, 93% to hit)
The blast of sand hits the worm!
The worm is almost dead.
Casting: Sandblast (safe; 4% risk of failure)
Confirm with . or Enter, or press ? or * to list all spells.
Aiming: Sandblast (safe; 4% risk of failure)
Press: ? - help, Shift-Dir - straight line, f/p - worm
Aim: a worm (almost dead, 93% to hit)
The blast of sand hits the worm!
You kill the worm!
You see here a worm corpse.
Are you sure you want to abandon this character and quit the game? (Confirm with "yes".)

#.# ..# ###
# # # # ###
##### ###
..### #@#.#
#.# ....#
#.#.# #.#
....# #.#.#
#.# ....#
#.#.# #.#
....#
########.#.#
#.# ....#
#......#.#.#
#.# ....#
##.###.#.#.#
#.# ....#
#.# #.#.#.#
#.# ....#
#.#
#.#.#.####.#


There were no monsters in sight!

Vanquished Creatures
  2 adders (D:3)
  A worm (D:3)
  A dart slug (D:3)
  A bat (D:1)
  An endoplasm (D:1)
  A goblin (D:1)
  A hobgoblin (D:1)
  A quokka (D:1)
  A ball python (D:3)
  A rat (D:2)
11 creatures vanquished.

Notes
Turn   | Place    | Note
-------+----------+-------------------------------------------
     0 | D:1      | EnegeticOcto the Djinni Earth Elementalist began the quest
                  | for the Orb.
     0 | D:1      | Reached XP level 1. HP: 15/15 MP: 0/0
    99 | D:1      | Reached XP level 2. HP: 11/21 MP: 0/0
   205 | D:3      | Reached skill level 3 in Spellcasting
   286 | D:2      | Reached XP level 3. HP: 18/25 MP: 0/0
   286 | D:2      | Learned a level 1 spell: Beastly Appendage
   404 | D:3      | Quit the game

Illustrated notes

Levels and vault maps discovered:
D:1:      wheals_arrival_linesprint, layout_basic,
          hellmonk_ecumenical_altar_pennies_from_heaven
D:2:      layout_loops_corners
D:3:      layout_basic, chei_slow_surprise, elyvilon_altar_3,
          lemuel_doored_altar, uniq_grinder

Skill      XL: |  1  2 |
---------------+-------+-----
Spellcasting   | 3 |  3.3
Dodging        | |  2.1
Stealth        | |  1.5

Action                   || total
-------------------------++-------
Melee: Unarmed           ||     1
 Cast: Sandblast         ||    20
Dodge: Dodged            ||     5

Table legend: (Time is in decaauts)
 A = Elapsed time spent in this place.
 B = Non-inter-level travel time spent in this place.
 C = Inter-level travel time spent in this place.
 D = Time resting spent in this place.
 E = Time spent auto-exploring this place.
 F = Levels seen in this place.
 G = Mean time per level.
                   A        B        C        D        E       F      G
               +--------+--------+--------+--------+--------+-----+--------+
         Total |    405 |    392 |     13 |      0 |      0 |   3 |  135.0 |
       Dungeon |    405 |    392 |     13 |      0 |      0 |   3 |  135.0 |
               +--------+--------+--------+--------+--------+-----+--------+

Top non-repeatable levels by time:
     D:3: 155 daAuts
     D:1: 135 daAuts
     D:2: 114 daAuts
